 Dungeon Crawl Stone Soup version 0.31-a0-489-g282fc92437 (webtiles) character file.

Game seed: 4176926645419200960

236 Ethylacetat the Trooper (level 6, -3/33 HPs)
             Began as a Vine Stalker Monk on Aug 7, 2023.
             Was an Initiate of Ashenzari.
             Killed by nerve-wracking pain
             ... invoked by Grinder
              (11 damage)
             ... on level 3 of the Dungeon.
             The game lasted 00:02:45 (1235 turns).

Ethylacetat the Trooper (Vine Stalker Monk)         Turns: 1235, Time: 00:02:45

Health: -3/33      AC:  5    Str: 16    XL:     6   Next: 6%
Magic:  0/11       EV: 11    Int: 10    God:    Ashenzari [......]
Gold:   132        SH:  0    Dex: 16    Spells: 11/11 levels left

rFire   . . .        a - +0 hand axe
rCold   . . .        d - orb {light}
rNeg    . . .        g - +0 ring mail
rPois   .            (no helmet)
rElec   .            (no cloak)
rCorr   .            (no gloves)
SInv    .            (no boots)
Will    .....        (no amulet)
Stlth   +            i - ring of flight
HPRegen 1.05/turn    (no ring)
MPRegen 0.12/turn

%: guardian spirit
@: flying, glowing
A: fangs 2, regeneration 1, magic shield, antimagic bite, no potion heal 2
a: Renounce Religion, Curse Item


You were on level 3 of the Dungeon.
You worshipped Ashenzari.
Ashenzari was noncommittal.
You visited 1 branch of the dungeon, and saw 3 of its levels.

You collected 132 gold pieces.

Inventory:

Hand Weapons
 a - a +0 hand axe (weapon)
Armour
 d - an orb of light (worn)
 g - a +0 ring mail (worn)
Jewellery
 i - a ring of flight (left hand)
Scrolls
 b - a scroll of identify {unknown}
 e - a scroll of torment {unknown}
 j - a scroll of enchant armour {unknown}
Potions
 c - a potion of ambrosia
 f - a potion of lignification {unknown}
 h - 2 potions of haste {unknown}
 k - a potion of enlightenment {unknown}


   Skills:
 + Level 4.1 Fighting
 + Level 4.0 Axes
 - Level 2.4 Dodging
 + Level 3.0 Spellcasting


You had 11 spell levels left.
You didn't know any spells.
Your spell library was empty.

Dungeon Overview and Level Annotations

Branches:
Dungeon (3/15)

Altars:
Ashenzari
The Shining One

Annotations:
D:3 Grinder


Innate Abilities, Weirdness & Mutations

You have extremely sharp teeth.
Your natural rate of healing is unusually fast.
When hurt, damage is shared between your health and your magic reserves.
Your bite disrupts and absorbs the magic of your enemies.
Potions cannot restore your health.


Message History

Okay, then.
Found a stone staircase leading up.
There is a stone staircase leading up here.
You reach down and open the door.
There is an open door here.
Magic restored.
Found 6 stones.
Grinder comes into view.
You hear the slow rusting of a drain nearby.
Grinder shouts!
You hear an angry hiss.
An adder comes into view.
A bat comes into view.
Grinder hits you.
You writhe in agony.
You barely miss Grinder. You bite Grinder, but do no damage. Grinder hits you.
You writhe in agony.
You hit Grinder.
Grinder is lightly wounded.
Grinder hits you. The bat hits you but does no damage.
Okay, then.
You barely miss Grinder.
Grinder is lightly wounded.
You hit the bat.
You kill the bat!
Grinder hits you!
You writhe in agony.
You hit Grinder.
Grinder is lightly wounded.
You hit the adder but do no damage. The adder bites you.
Grinder gestures at you. You resist with some effort.
The adder barely misses you.
Unknown command.
You barely miss Grinder.
Grinder is lightly wounded.
You hit the adder.
Grinder says, "My boss said I was rubbish.
His entrails said otherwise."
Grinder hits you.
You writhe in agony.
* * * LOW HITPOINT WARNING * * *
The adder closely misses you. Grinder gestures at you.
Pain shoots through your body!
You die...

#### ..<#
##### ...#
#...##########
...#
#...##........
...#
#...##.######
...#
#...........#
.###
#...##.####@#
...# #...'#.#
#S5†......
##.###...##.#
#.........
.....<...##.#
#.........
#.####...##.#
#.........
...###...##..
+....(....
#....##+#####
#........#
#......
#........#
#......


You could see Grinder and an adder.

Vanquished Creatures
  Sigmund (D:2)
  Robin (D:2)
  A worm (D:2)
  A dart slug (D:1)
  An orc (D:3)
  6 bats
  5 endoplasms
  A giant cockroach (D:1)
  11 goblins
  10 hobgoblins
  2 jackals (D:2)
  A kobold (D:1)
  2 quokkas (D:2)
  6 ball pythons
  2 frilled lizards
  2 rats
  A spectral hobgoblin (D:2)
54 creatures vanquished.

Notes
Turn   | Place    | Note
-------+----------+-------------------------------------------
     0 | D:1      | Ethylacetat the Vine Stalker Monk began the quest for the
                  | Orb.
     0 | D:1      | Reached XP level 1. HP: 11/11 MP: 2/2
    44 | D:1      | Reached XP level 2. HP: 16/16 MP: 2/4
   221 | D:1      | Reached skill level 1 in Spellcasting
   303 | D:1      | Reached XP level 3. HP: 20/20 MP: 5/5
   472 | D:2      | Found a glowing golden altar of the Shining One.
   692 | D:2      | Noticed Robin
   710 | D:2      | Killed Robin
   713 | D:2      | Noticed Sigmund
   718 | D:2      | Gained mutation: Your natural rate of healing is unusually
                  | fast. [Vine Stalker growth]
   718 | D:2      | Reached XP level 4. HP: 16/24 MP: 5/7
   742 | D:2      | Killed Sigmund
   743 | D:2      | Reached XP level 5. HP: 24/29 MP: 7/10
   743 | D:2      | Reached XP level 6. HP: 28/33 MP: 7/11
   816 | D:2      | Found a faded altar of an unknown god.
   869 | D:2      | Prayed at the altar of an unknown god.
   869 | D:2      | Became a worshipper of Ashenzari the Shackled
  1229 | D:3      | Noticed Grinder
  1235 | D:3      | Killed from afar by Grinder

Illustrated notes

Levels and vault maps discovered:
D:1:      roderic_crossed_star, layout_rooms
D:2:      layout_basic, dreamdust_ecumenical_altar_drowned_temple, basic_altar,
          uniq_robin, uniq_sigmund
D:3:      layout_basic, nicolae_overflow_hidden_temple, portal_sewer_entry_d,
          uniq_grinder, uniq_natasha

Skill      XL: |  1  2  3  4  5  6 |
---------------+-------------------+-----
Spellcasting   | 1 2 3 |  3.0
Fighting       | 3 4 |  4.1
Axes           | 3 4 |  4.0
Dodging        | |  2.4

Action                     |  1- 3 |  4- 6 || total
---------------------------+-------+-------++-------
  Melee: Hand axe          |    84 |    50 ||   134
         Bite              |    22 |    13 ||    35
 Armour: Robe              |     8 |       ||     8
         Ring mail         |    17 |     7 ||    24
  Dodge: Dodged            |    49 |    20 ||    69

Table legend: (Time is in decaauts)
 A = Elapsed time spent in this place.
 B = Non-inter-level travel time spent in this place.
 C = Inter-level travel time spent in this place.
 D = Time resting spent in this place.
 E = Time spent auto-exploring this place.
 F = Levels seen in this place.
 G = Mean time per level.
                   A        B        C        D        E       F      G
               +--------+--------+--------+--------+--------+-----+--------+
         Total |   1260 |   1252 |      8 |      0 |    876 |   3 |  420.0 |
       Dungeon |   1260 |   1252 |      8 |      0 |    876 |   3 |  420.0 |
               +--------+--------+--------+--------+--------+-----+--------+

Top non-repeatable levels by time:
     D:2: 749 daAuts
     D:1: 404 daAuts
     D:3: 106 daAuts
